 Dungeon Crawl Stone Soup version 0.31-a0-237-g2d982f9f85 (webtiles) character file.

Game seed: 5830287128583942604

310 qw the Shooter (level 6, -4/38 HPs)
             Began as a Gargoyle Hexslinger on July 10, 2023.
             Was an Initiate of Okawaru.
             Slain by an iguana (11 damage)
             ... on level 5 of the Dungeon.
             The game lasted 00:01:25 (3668 turns).

qw the Shooter (Gargoyle Hexslinger)                Turns: 3668, Time: 00:01:26

Health: -4/38      AC: 11    Str: 12    XL:     6   Next: 41%
Magic:  7/7        EV: 10    Int: 13    God:    Okawaru [......]
Gold:   125        SH:  0    Dex: 14    Spells: 6/7 levels left

rFire   . . .        Y - +1 sling
rCold   + . .        (no shield)
rNeg    + . .        b - +0 ring mail
rPois   inf          (no helmet)
rElec   +            (no cloak)
rCorr   .            c - +0 pair of gloves
SInv    .            (no boots)
Will    .....        (no amulet)
Stlth   +            d - ring of protection from cold
HPRegen 0.26/turn    (no ring)
MPRegen 0.10/turn

%: no passive effects
@: no status effects
A: sickness immunity, AC +4, negative energy resistance 1, electricity
resistance, torment resistance 1, petrification resistance
a: Renounce Religion


You were on level 5 of the Dungeon.
You worshipped Okawaru.
Okawaru was noncommittal.
You visited 2 branches of the dungeon, and saw 6 of its levels.

You collected 242 gold pieces.
You spent 117 gold pieces at shops.


Innate Abilities, Weirdness & Mutations

You are immune to sickness and miasma.
Your stone body is resilient. (AC +4)
You are immune to poison.
You resist negative energy. (rN+)
You are resistant to electric shocks. (rElec)
You are resistant to unholy torment.
You are immune to petrification.


   Skills:
 - Level 3.7 Fighting
 + Level 5.0 Ranged Weapons
 - Level 2.4 Armour
 - Level 1.5 Dodging
 - Level 1.0 Spellcasting
 - Level 2.6 Hexes


You had 6 spell levels left.
You knew the following spells:

 Your Spells              Type           Power      Damage    Failure   Level
a - Slow                  Hex            28%        N/A       21%         1

Your spell library contained the following spells:

 Spells                   Type           Power      Damage    Failure   Level
 Inner Flame              Hex/Fire       4%         N/A       71%         3
 Portal Projectile        Hex/Tloc       8%         N/A       71%         3
 Cause Fear               Hex            3%         N/A       90%         4

Inventory:

Hand Weapons
 Y - a +1 sling (weapon)
Armour
 b - a +0 ring mail (worn)
 c - a +0 pair of gloves (worn)
Jewellery
 d - a ring of protection from cold (left hand)
Scrolls
 a - 3 scrolls of identify
Potions
 e - 2 potions of curing
 f - a potion of enlightenment
 g - 2 potions of might

Dungeon Overview and Level Annotations

Branches:
Dungeon (5/15)             Temple (1/1) D:4

Altars:
Ashenzari
Dithmenos
Fedhas
Gozag
Kikubaaqudgha
Makhleb
Nemelex Xobeh
Okawaru
Ru
Sif Muna
Uskayaw
Vehumet
Wu Jian
Xom
The Shining One

Shops:
D:2 *   D:3 !


Message History

The sling bullet hits the iguana but does no damage.
The iguana is heavily wounded.
The iguana closely misses you. x2
You shoot a sling bullet.
The sling bullet barely misses the iguana.
The iguana bites you but does no damage.
You shoot a sling bullet.
The sling bullet hits the iguana but does no damage.
The iguana is heavily wounded.
The iguana bites you but does no damage.
You shoot a sling bullet.
The sling bullet barely misses the iguana.
The iguana barely misses you. x2
You shoot a sling bullet.
The sling bullet hits the iguana but does no damage.
The iguana is heavily wounded.
The iguana misses you.
You shoot a sling bullet.
The sling bullet hits the iguana but does no damage.
The iguana is heavily wounded.
The iguana bites you but does no damage.
You shoot a sling bullet. The sling bullet hits the iguana.
The iguana is severely wounded.
The iguana barely misses you.
You shoot a sling bullet.
The sling bullet closely misses the iguana.
The iguana bites you. x2
You shoot a sling bullet. The sling bullet hits the iguana.
The iguana is almost dead.
The iguana barely misses you.
You shoot a sling bullet.
The sling bullet barely misses the iguana.
The iguana closely misses you.
You shoot a sling bullet.
The sling bullet barely misses the iguana.
The iguana barely misses you. The iguana closely misses you.
You shoot a sling bullet.
The sling bullet closely misses the iguana.
The iguana bites you!
You die...

#...# #...# #...#
#...# #...# # #...# #
####. ##.## ...
#.....###.#######...#
#..l@............#
#...########.###...#
#. #####.# ## #....<#
#.#####


You could see an iguana.

Vanquished Creatures
  Blork the orc (D:4)
  A scorpion (D:4)
  A jelly (D:4)
  An orc priest (D:4)
  An orc wizard (D:4)
  2 adders
  2 dart slugs
  An orc (D:4)
  9 endoplasms
  A giant cockroach (D:4)
  9 goblins
  14 hobgoblins
  4 jackals (D:1)
  4 quokkas
  7 ball pythons
  4 bats
  2 frilled lizards
  6 kobolds
  2 rats
72 creatures vanquished.

Vanquished Creatures (others)
  A human (D:4)
1 creature vanquished.

Grand Total: 73 creatures vanquished

Notes
Turn   | Place    | Note
-------+----------+-------------------------------------------
     0 | D:1      | qw the Gargoyle Hexslinger began the quest for the Orb.
     0 | D:1      | Reached XP level 1. HP: 12/12 MP: 2/2
     0 | D:1      | 0 ||| qw: Version: 0.3-a-52-g30416fa
     0 | D:1      | 0 ||| qw: Game counter: 5092
     0 | D:1      | 0 ||| qw: Melee chars always use a shield: true
     0 | D:1      | 0 ||| qw: God list: Okawaru
     0 | D:1      | 0 ||| qw: Allow faded altars: false
     0 | D:1      | 0 ||| qw: Do Orc after clearing Dungeon:15 true
     0 | D:1      | 0 ||| qw: Do second Lair branch before Depths: true
     0 | D:1      | 0 ||| qw: Lair rune preference: random
     0 | D:1      | 0 ||| qw: Goals: Normal
     0 | D:1      | 0 ||| PLANNING D:1-11
    46 | D:1      | Reached XP level 2. HP: 16/16 MP: 3/3
    51 | D:1      | 51 ||| FLEEEEING.
    85 | D:1      | Reached skill level 3 in Ranged Weapons
   378 | D:1      | Reached XP level 3. HP: 18/21 MP: 4/4
   825 | D:1      | 825 ||| UPGRADING to +0 leather armour.
   835 | D:1      | 835 ||| DROPPING +0 robe.
   836 | D:1      | 836 ||| UPGRADING to ring of protection from cold.
   837 | D:1      | 837 ||| READING scroll labelled TASEON YWIFIGGU.
   838 | D:1      | 838 ||| READING scroll labelled HAWNAU VUNAHAC.
   839 | D:1      | 839 ||| DROPPING scroll of poison.
  1245 | D:2      | Reached XP level 4. HP: 21/26 MP: 5/5
  1316 | D:2      | Found Zupocati's General Store.
  1323 | D:2      | 1323 ||| BUYING +0 pair of gloves (58 gold).
  1323 | D:2      | Bought a +0 pair of gloves for 58 gold pieces
  1323 | D:2      | 1323 ||| SHOPLISTING ring of see invisible (195 gold, have
                  | 29).
  1323 | D:2      | 1323 ||| BUYING scroll of identify (26 gold).
  1323 | D:2      | Bought a scroll of identify for 26 gold pieces
  1717 | D:2      | 1717 ||| UPGRADING to +0 pair of gloves.
  1722 | D:2      | 1722 ||| DROPPING scarf of shadows.
  1723 | D:2      | 1723 ||| READING scroll labelled HEYTESH MAUHU.
  1727 | D:2      | 1727 ||| READING 2 scrolls labelled IQUUL XEILENI.
  1728 | D:2      | 1728 ||| READING 5 scrolls of identify.
  1728 | D:2      | 1728 ||| IDENTIFYING purple potion
  1729 | D:2      | 1729 ||| READING 4 scrolls of identify.
  1729 | D:2      | 1729 ||| IDENTIFYING bubbling golden potion
  1730 | D:2      | 1730 ||| DROPPING scroll of vulnerability.
  1835 | D:3      | Reached skill level 4 in Ranged Weapons
  1952 | D:3      | 1952 ||| READING scroll labelled ULIQORPH TIZIATYM.
  1983 | D:3      | Found a faded altar of an unknown god.
  2164 | D:3      | Found Cacvell's Distillery.
  2169 | D:3      | 2169 ||| SHOPLISTING 2 potions of heal wounds (110 gold,
                  | have 44).
  2169 | D:3      | 2169 ||| BUYING potion of curing (33 gold).
  2169 | D:3      | Bought a potion of curing for 33 gold pieces
  2169 | D:3      | 2169 ||| SHOPLISTING potion of curing (33 gold, have 11).
  2350 | D:3      | 2350 ||| READING 3 scrolls labelled EVIYCE YZEDAONT.
  2351 | D:3      | 2351 ||| READING scroll labelled UFREOCL ABUMM.
  2352 | D:3      | 2352 ||| READING 5 scrolls of identify.
  2352 | D:3      | 2352 ||| IDENTIFYING brown potion
  2353 | D:3      | 2353 ||| READING 4 scrolls of identify.
  2353 | D:3      | 2353 ||| IDENTIFYING clear potion
  2354 | D:3      | 2354 ||| DROPPING potion of lignification.
  2355 | D:3      | 2355 ||| DROPPING potion of degeneration.
  2356 | D:3      | 2356 ||| DROPPING 2 scrolls of amnesia.
  2464 | D:4      | Found a staircase to the Ecumenical Temple.
  2465 | D:4      | 2465 ||| PLANNING TEMPLE
  2465 | D:4      | 2465 ||| UPGRADING to +0 ring mail.
  2475 | D:4      | 2475 ||| DROPPING +0 leather armour.
  2484 | Temple   | Entered the Ecumenical Temple
  2509 | Temple   | 2509 ||| PLANNING OKAWARU WORSHIP
  2765 | Temple   | Became a worshipper of Warmaster Okawaru
  2766 | Temple   | 2766 ||| PLANNING D:1-11
  2810 | D:4      | Noticed a scorpion
  2833 | D:4      | Killed a scorpion
  2834 | D:4      | Reached XP level 5. HP: 20/30 MP: 6/6
  2930 | D:4      | Reached skill level 5 in Ranged Weapons
  3109 | D:4      | Found an opulent altar of Gozag.
  3176 | D:4      | Reached XP level 6. HP: 36/36 MP: 7/7
  3208 | D:4      | Noticed Blork the orc
  3228 | D:4      | Killed Blork the orc
  3228 | D:4      | HP: 9/36 [hobgoblin (1)]
  3229 | D:4      | Reached skill level 3 in Fighting
  3478 | D:4      | Found an ancient bone altar of Kikubaaqudgha.
  3483 | D:4      | Noticed a human
  3485 | D:4      | Killed a human
  3604 | D:4      | 3604 ||| READING 3 scrolls of identify.
  3604 | D:4      | 3604 ||| IDENTIFYING puce potion
  3627 | D:5      | Entered Level 5 of the Dungeon
  3664 | D:5      | HP: 8/38 [iguana (6)]
  3668 | D:5      | Slain by an iguana

Levels and vault maps discovered:
D:1:      minmay_arrival_glassed_features, layout_basic
D:2:      layout_basic, serial_shops, shop
D:3:      layout_basic, shapermc_ecumenical_altar_mp_ritualfount, serial_shops,
          nicolae_shop_hallway_stairs, kennysheep_generic_room_7
D:4:      layout_cave_pods, tgw_kikubaaqudgha,
          nicolae_gozag_cash_rules_everything_around_me,
          minmay_temple_entry_water_ring, uniq_blork_the_orc
D:5:      layout_loops_cross, old_standard_altar, kennysheep_little_box
Temple:   oiseaux_autumnal_temple

Skill      XL: |  1  2  3  4  5  6 |
---------------+-------------------+-----
Ranged Weapons | 3 4 5 |  5.0
Fighting       | 2 3 |  3.7
Armour         | 2 |  2.4
Dodging        | |  1.5
Spellcasting   | |  1.0
Hexes          | |  2.6

Action                     |  1- 3 |  4- 6 || total
---------------------------+-------+-------++-------
   Fire: Sling             |   134 |   189 ||   323
    Use: Scroll            |     2 |    10 ||    12
 Armour: Robe              |     4 |       ||     4
         Leather armour    |    19 |    13 ||    32
         Ring mail         |       |    43 ||    43
  Dodge: Dodged            |    43 |    83 ||   126

Table legend:
 A = Non-vault XP
 B = Vault XP
 C = Vault XP percentage of total XP
 D = Non-vault monster count
 E = Vault monster count
 F = Vault count percentage of total count
                 A         B        C        D         E       F
            +---------+---------+-------+---------+---------+-------
      Total |     339 |     104 |  23.5 |      69 |       3 |   4.2
            +---------+---------+-------+---------+---------+-------
        D:1 |      42 |       0 |   0.0 |      23 |       0 |   0.0
        D:2 |      47 |       0 |   0.0 |      18 |       0 |   0.0
        D:3 |      37 |       4 |   9.8 |      15 |       2 |  11.8
        D:4 |     213 |     100 |  31.9 |      13 |       1 |   7.1
            +---------+---------+-------+---------+---------+-------
